 Dungeon Crawl Stone Soup version 0.29-a0-418-gc0181ea820 (webtiles) character file.

Game seed: 7413033182428178439

3179 hquester the Envoy of Void (level 9, -18/67 (69) HPs)
             Began as a Demonspawn Abyssal Knight on May 17, 2022.
             Was a High Priest of Lugonu.
             Demolished by a lorocyproca (28 damage)
             ... on level 2 of the Abyss.
             The game lasted 00:26:49 (6417 turns).

hquester the Envoy of Void (DsAK)                   Turns: 6417, Time: 00:26:50

HP:   -18/67 (69)   AC:  8    Str: 14    XL:     9   Next: 63%
MP:   0/14          EV: 16    Int: 11    God:    Lugonu [*****.]
Gold: 360           SH:  5    Dex: 18    Spells: 8/8 levels left

rFire   . . .      SeeInvis .   d - +2 long sword (protect)
rCold   . . .      Faith    .   w - +0 buckler
rNeg    . . .      Spirit   +   q - +2 ring mail of New Discoveries {+Blink rElec}
rPois   .          Reflect  .   (no helmet)
rElec   +          Harm     .   (no cloak)
rCorr   .          Rampage  .   (no gloves)
Will    .....                   (no boots)
Stlth   +.........              (no amulet)
HPRegen 0.21/turn               c - +4 ring of slaying
MPRegen 0.28/turn               t - +4 ring of evasion

@: lightly drained
A: claws 1, hooves 2, foul stench 1, magic shield, magic regeneration
a: Renounce Religion, Evoke Blink, Depart the Abyss, Bend Space, Banish,
Corrupt, Enter the Abyss


You were on level 2 of the Abyss.
You worshipped Lugonu.
Lugonu was extremely pleased with you.
You visited 1 branch of the dungeon, and saw 7 of its levels.
You visited the Abyss 2 times.
You also visited: Sewer.

You collected 360 gold pieces.

Inventory:

Hand Weapons
 a - a +1 short sword
 d - a +2 long sword of protection (weapon)
Missiles
 k - a throwing net
Armour
 m - a +0 scale mail
 q - the +2 ring mail of New Discoveries (worn) {+Blink rElec}
   (You found it on level 5 of the Dungeon)

   rElec:     It insulates you from electricity.
   +Blink:    It lets you blink.
 w - a +0 buckler (worn)
Jewellery
 c - a +4 ring of slaying (left claw)
 s - the ring "Buskath" {rC+ SInv}
   (You found it on level 3 of the Dungeon)

   [ring of see invisible]

   rC:        It protects you from cold.
   SInv:      It lets you see invisible.
 t - a +4 ring of evasion (right claw)
Wands
 u - a wand of iceblast (8)
 y - a wand of charming (4)
Scrolls
 b - a scroll of amnesia {unknown}
 e - 4 scrolls of teleportation
 f - 3 scrolls of identify
 i - 2 scrolls of fog
 j - a scroll of silence
 o - 2 scrolls of enchant weapon {unknown}
 v - 2 scrolls of summoning
 z - a scroll of noise {unknown}
Potions
 g - 2 potions of curing
 h - a potion of attraction
 l - a potion of magic
 n - 2 potions of flight
 p - 2 potions of lignification
 r - a potion of cancellation
 x - 2 potions of invisibility


   Skills:
 + Level 6.2 Fighting
 - Level 2.0(4.3) Short Blades
 - Level 6.0(6.2) Long Blades
 + Level 5.1 Armour
 + Level 5.0 Dodging
 + Level 3.9 Shields
 + Level 7.4 Invocations


You had 8 spell levels left.
You didn't know any spells.
Your spell library contained the following spells:

 Spells                   Type           Power      Damage    Failure   Level
 Animate Skeleton         Necr           0%         N/A       65%         1
 Pain                     Necr           0%         1d4       65%         1
 Dazzling Flash           Conj/Hex       0%         N/A       95%         3
 Summon Guardian Golem    Hex/Summ       0%         N/A       95%         3
 Vampiric Draining        Necr           0%         2d6       95%         3
 Cause Fear               Hex            0%         N/A       100%        4
 Agony                    Necr           0%         N/A       100%        5
 Silence                  Hex/Air        0%         N/A       100%        5
 Dragon Form              Tmut           0%         N/A       100%        7
 Orb of Destruction       Conj           0%         9d5       100%        7
 Spellforged Servitor     Conj/Summ      0%         N/A       100%        7
 Dragon's Call            Summ           0%         N/A       100%        9


Dungeon Overview and Level Annotations

Branches:
Dungeon (7/15)             Temple (0/1) D:6           Sewer (visited)

Altars:
Kikubaaqudgha
Xom

Shops:
D:1 ?   D:5 ?   D:6 *


Innate Abilities, Weirdness & Mutations

You have sharp fingernails.
You have hoof-like feet.
You may rarely emit foul miasma when damaged in melee.
When hurt, damage is shared between your health and your magic reserves.
You regenerate magic rapidly.


Message History

You hear some strange, mumbled words.
The centaur misses you. The centaur completely misses you.
You slash the centaur!
You kill the centaur!
Lugonu accepts your kill.
Your Dodging skill increases to level 5!
Found a glowing cloak.
You see here a +0 shortbow.
Something hits you but does no damage.
You feel drained.
You see here a +0 shortbow.
Something hits you but does no damage.
You feel drained.
You hear some strange, mumbled words.
Something tries to affect you, but you resist.
You hear some strange, mumbled words.
You are cast into the Abyss!
This branch contains the abyssal rune of Zot.
Reactivating autopickup.
HP restored.
Found a corrupted altar of Lugonu.
You hear a chilling moan.
You hear a shout!
Deactivating autopickup; reactivate with Ctrl-A.
You miss something. Something hits you!
You feel your power leaking away.
A white imp comes into view.
You closely miss the white imp.
You kick the white imp, but do no damage.
You block the white imp's attack. Something hits you!!
You feel your power leaking away.
You slash the white imp!
Your weapon exudes an aura of protection.
You kill the white imp!
That felt strangely unrewarding.
Something hits you.
You start resting.
Something hits you!!
* * * LOW HITPOINT WARNING * * *
Okay, then.
Okay, then.
Something completely misses you. You block something's attack.
Something hits you!!
You die...

# ## . . . . # .# ##.
.# ##∩... .## # . #.#
#.. . . .. ...#.# # #
##.# #. #. . #...#.. #
..#.#. . .
##..#.##.###......#
...#........##.....##.#
#.. .. # . _#.@{.##.
#..# ..... .
.##..#.....# #. # # #
.#.. #..###...###..# .
... . .....##....#.....
..#. #######.##...# ..
. . # #..#..## .. . .
.. #.#..## #.# . #
.##.# ## ..#


There were no monsters in sight!

Vanquished Creatures
  A troll (D:6)
  Prince Ribbit (D:5)
  Grinder (D:5)
  A steam dragon (D:6)
  Edmund (D:6)
  Duvessa (D:6)
  A water moccasin (D:6)
  2 orc warriors
  A black bear (D:4)
  2 ogres (D:5)
  A centaur (D:7)
  4 phantoms
  4 bullfrogs
  4 scorpions
  A wight (D:3)
  Dowan (D:6)
  The ghost of IdlyInterested the Ducker, a weakling DsGl (D:3)
  3 jellies
  2 hounds
  2 orc priests (D:6)
  3 iguanas (D:5)
  Natasha (thrice) (D:2)
  An orc wizard (D:4)
  10 adders
  2 white imps
  2 ufetubi
  4 worms
  3 dart slugs (D:2)
  17 orcs
  17 ball pythons
  7 bats
  3 endoplasms
  8 giant cockroaches
  7 goblins
  10 hobgoblins
  8 jackals
  4 kobolds
  10 quokkas
  14 frilled lizards
  5 rats
173 creatures vanquished.

Vanquished Creatures (collateral kills)
  An orc wizard (D:3)
  A ball python (D:3)
2 creatures vanquished.

Grand Total: 175 creatures vanquished

Notes
Turn   | Place    | Note
-------+----------+-------------------------------------------
     0 | Abyss:1  | hquester the Demonspawn Abyssal Knight began the quest for
                  | the Orb.
     0 | Abyss:1  | Reached XP level 1. HP: 18/18 MP: 2/2
    11 | Abyss:1  | Found a corrupted altar of Lugonu.
    15 | D:1      | Escaped the Abyss
    45 | D:1      | Found Adiucs's Magic Scroll Shop.
    56 | D:1      | Reached skill level 1 in Dodging
   234 | D:1      | Discovered your monstrous ancestry.
   234 | D:1      | Gained mutation: You have large cloven feet. [demonic
                  | ancestry]
   234 | D:1      | Reached XP level 2. HP: 24/24 MP: 4/4
  1054 | D:2      | Reached skill level 3 in Invocations
  1054 | D:2      | Reached XP level 3. HP: 22/29 MP: 5/5
  1134 | D:2      | Noticed Natasha
  1144 | D:2      | Killed Natasha
  1145 | D:2      | Reached skill level 1 in Long Blades
  1151 | D:2      | Reached *** piety under Lugonu
  1363 | D:2      | Noticed Natasha
  1369 | D:2      | Killed Natasha
  1370 | D:2      | Gained mutation: You may rarely emit foul miasma when
                  | damaged in melee. [demonic ancestry]
  1370 | D:2      | Reached XP level 4. HP: 23/35 MP: 6/6
  1778 | D:2      | Noticed Natasha
  1781 | D:2      | Killed Natasha
  1807 | D:2      | You fall into a shaft and drop 2 floors!
  1852 | D:3      | Found a glowing drain.
  1885 | D:3      | Identified the ring "Buskath" {rC+ SInv}
  1893 | Sewer    | Entered a sewer
  2024 | Sewer    | Gained mutation: You regenerate magic rapidly. [demonic
                  | ancestry]
  2024 | Sewer    | Reached XP level 5. HP: 38/41 MP: 7/7
  2125 | Sewer    | Reached **** piety under Lugonu
  2503 | Sewer    | Gained mutation: You have hoof-like feet. [demonic
                  | ancestry]
  2503 | Sewer    | Reached XP level 6. HP: 39/48 MP: 8/8
  2601 | Sewer    | Reached skill level 4 in Invocations
  2709 | D:3      | Found a faded altar of an unknown god.
  3567 | D:3      | Found a transporter.
  3570 | D:3      | Found a transporter.
  3570 | D:3      | Noticed IdlyInterested's ghost (weakling DsGl)
  3789 | D:3      | Killed IdlyInterested's ghost
  3789 | D:3      | Reached ***** piety under Lugonu
  3790 | D:3      | Gained mutation: You have sharp fingernails. [demonic
                  | ancestry]
  3790 | D:3      | Reached XP level 7. HP: 19/54 MP: 10/10
  4047 | D:4      | Reached skill level 1 in Shields
  4262 | D:4      | Reached skill level 5 in Invocations
  4561 | D:5      | Entered Level 5 of the Dungeon
  4579 | D:5      | Gained mutation: When hurt, damage is shared between your
                  | health and your magic reserves. [demonic ancestry]
  4579 | D:5      | Reached XP level 8. HP: 50/61 MP: 11/11
  4756 | D:5      | Reached skill level 5 in Fighting
  4837 | D:5      | Found an ancient bone altar of Kikubaaqudgha.
  4837 | D:5      | Found a shimmering altar of Xom.
  4855 | D:5      | Identified the +2 ring mail of New Discoveries {+Blink
                  | rElec}
  4869 | D:5      | Noticed Grinder
  4869 | D:5      | Paralysed by Grinder for 4 turns
  4876 | D:5      | Paralysed by Grinder for 2 turns
  4883 | D:5      | Killed Grinder
  4884 | D:5      | Reached skill level 5 in Long Blades
  5082 | D:5      | Found Buasyodidgh's Magic Scroll Boutique.
  5153 | D:5      | Noticed Prince Ribbit
  5177 | D:5      | Killed Prince Ribbit
  5178 | D:5      | Reached skill level 6 in Invocations
  5535 | D:6      | Reached XP level 9. HP: 62/68 MP: 13/13
  5730 | D:6      | Found a staircase to the Ecumenical Temple.
  5881 | D:6      | Noticed Edmund
  5891 | D:6      | Killed Edmund
  5909 | D:6      | Noticed Dowan
  5910 | D:6      | Noticed Duvessa
  5923 | D:6      | Killed Dowan
  5926 | D:6      | Killed Duvessa
  5927 | D:6      | Reached skill level 7 in Invocations
  6000 | D:6      | Found Kulykhle's Gadget Gallery.
  6037 | D:6      | Noticed a troll
  6049 | D:6      | Killed a troll
  6050 | D:6      | Reached skill level 5 in Armour
  6286 | D:7      | Noticed a wizard
  6302 | D:7      | Reached skill level 5 in Dodging
  6307 | D:7      | Cast into level 2 of the Abyss (a wizard)
  6367 | Abyss:2  | Found a corrupted altar of Lugonu.
  6417 | Abyss:2  | Demolished by a lorocyproca

Illustrated notes

Levels and vault maps discovered:
D:1:      minmay_arrival_stair_chambers, layout_basic, serial_shops, shop
D:2:      layout_rooms, minmay_tripent, uniq_natasha
D:3:      layout_basic, gammafunk_ghost_arena, cheibrodos_sewer_entry_drain,
          nicolae_ecumenical_pavilion
D:4:      layout_rooms, minmay_bisected
D:5:      layout_cave_pools, mainiacjoe_overflow_divided_tiny, serial_shops,
          nicolae_shop_hallway_plus, minmay_puff, uniq_prince_ribbit1,
          uniq_grinder
D:6:      layout_rooms, minmay_temple_entry_enclosed_plants,
          nicolae_shop_gadgets, uniq_duvessa, uniq_edmund
D:7:      cheibrodos_wizards_tower, layout_rooms, serial_shops,
          nicolae_shop_trees, shop, nicolae_shop_hallway_plus,
          kennysheep_little_box, uniq_menkaure
Abyss:2:  base:
Temple

Skill      XL: |  1  2  3  4  5  6  7  8  9 |
---------------+----------------------------+-----
Dodging        | 1 2 3 4 5 |  5.0
Armour         | 2 3 4 5 |  5.1
Short Blades   | 2 |  2.0
Invocations    | 3 4 5 6 7 |  7.4
Long Blades    | 1 2 3 4 5 6 |  6.0
Fighting       | 4 5 6 |  6.2
Shields        | 1 3 |  3.9

Action                   |  1- 3 |  4- 6 |  7- 9 || total
-------------------------+-------+-------+-------++-------
Melee: Short sword       |    35 |       |       ||    35
       Long sword        |    48 |   216 |   188 ||   452
       Kick              |    20 |    43 |    58 ||   121
       Punch             |       |     1 |       ||     1
  Use: Potion            |       |     1 |     2 ||     3
       Scroll            |       |    15 |       ||    15
Armor: Leather armour    |    28 |     3 |       ||    31
       Scale mail        |       |   146 |    22 ||   168
       Skin              |       |     1 |    11 ||    12
       Ring mail         |       |       |    30 ||    30
Dodge: Dodged            |    49 |   171 |   110 ||   330
Block: Buckler           |       |     8 |    38 ||    46

Table legend: (Time is in decaauts)
 A = Elapsed time spent in this place.
 B = Non-inter-level travel time spent in this place.
 C = Inter-level travel time spent in this place.
 D = Time resting spent in this place.
 E = Time spent auto-exploring this place.
 F = Levels seen in this place.
 G = Mean time per level.
                   A        B        C        D        E       F      G
               +--------+--------+--------+--------+--------+-----+--------+
         Total |   6583 |   6451 |    132 |    552 |   4159 |  10 |  658.3 |
       Dungeon |   5600 |   5468 |    132 |    210 |   3837 |   7 |  800.0 |
         Abyss |    125 |    125 |      0 |      0 |     99 |   2 |   62.5 |
         Sewer |    857 |    857 |      0 |    342 |    223 |   1 |  857.0 |
               +--------+--------+--------+--------+--------+-----+--------+

Top non-repeatable levels by time:
     D:2: 1142 daAuts
     D:1: 1033 daAuts
     D:3: 1014 daAuts
     D:5: 947 daAuts
   Sewer: 857 daAuts
     D:6: 774 daAuts
     D:4: 642 daAuts
 Abyss:2: 110 daAuts
     D:7: 45 daAuts
 Abyss:1: 15 daAuts
